 Dungeon Crawl Stone Soup version 0.19-a0-1008-g4c63d25 (webtiles) character file.

560 Implojin the Basher (level 7, -9/55 HPs)
             Began as a Minotaur Fighter on July 21, 2016.
             Killed by divine providence
             ... invoked by an orc priest
              (15 damage)
             ... on level 6 of the Dungeon.
             The game lasted 00:06:20 (920 turns).

Implojin the Basher (Minotaur Fighter)               Turns: 920, Time: 00:06:20

Health: -9/55      AC:  6    Str: 23    XL:     7   Next: 9%
Magic:  6/6        EV:  7    Int:  5    God:
Gold:   16         SH:  9    Dex: 11    Spells: 0 memorised, 6 levels left

rFire  . . .     SeeInvis .     a - +0 flail
rCold  . . .     Gourm    .     b - +0 scale mail
rNeg   . . .     Faith    .     c - +0 shield
rPois  .         Spirit   .     (helmet restricted)
rElec  .         Dismiss  .     (no cloak)
rCorr  .         Reflect  .     (no gloves)
SustAt .         Harm     .     (no boots)
MR     .....                    (no amulet)
Stlth  ..........               (no ring)
                                (no ring)

@: not resistant to hostile enchantments, extremely unstealthy
A: retaliatory headbutt, beak, horns 2, frail 1, strong 1
a: no special abilities


You were on level 6 of the Dungeon.
You were not hungry.

You visited 1 branch of the dungeon, and saw 6 of its levels.

You collected 16 gold pieces.

Inventory:

Hand Weapons
 a - a +0 flail (weapon)
Missiles
 n - 3 javelins (quivered)
Armour
 b - a +0 scale mail (worn)
 c - a +0 shield (worn)
 d - a +0 ring mail
 o - a +0 chain mail
Jewellery
 p - an uncursed ring of teleportation
Wands
 h - a wand of lightning (8/15)
Scrolls
 e - a scroll of amnesia
 i - a scroll of random uselessness
 k - a scroll of identify
Potions
 g - a potion of agility {unknown}
Comestibles
 f - 5 bread rations
 l - a meat ration


   Skills:
 * Level 5.9 Fighting
 - Level 8.1 Maces & Flails
 - Level 3.6 Armour
 - Level 3.6 Shields


You had 6 spell levels left.
You didn't know any spells.

Dungeon Overview and Level Annotations

Branches:
Dungeon (6/15)
 Temple: D:4-7

Altars:
Hepliaklqana
Ru

Shops:
D:4 [


Innate Abilities, Weirdness & Mutations

You reflexively headbutt those who attack you in melee.
You have a pair of horns on your head.
You have a beak for a mouth.
You are frail. (-10% HP)
Your muscles are strong. (Str +2)


Message History

There are no items here.
You now have 16 gold pieces.
h - a wand of lightning
There is a stone staircase leading down here.
You climb downwards.
There is a stone staircase leading up here.
Unknown command.
Unknown command.
Unknown command.
Found a whip.
You see here a whip.
Found 13 stones.
You see here 13 stones. 2 orcs, an orc priest and a slave come into view.
The slave shouts!
Found a stone staircase leading down.
A slave comes into view.
The slave shouts!
You sock the orc!
You kill the orc!
The orc priest mumbles some strange prayers to Beogh against you.
Beogh smites you!
* * * LOW HITPOINT WARNING * * *
You hear a shout!
You see here a club.
Unknown command.
The orc priest mumbles some strange prayers to Beogh against you.
Beogh smites you!
* * * LOW HITPOINT WARNING * * *
You hear a shout!
An orc comes into view. It is wielding a dagger of venom.
Unknown command.
You hit the orc priest.
The orc priest is moderately wounded.
You block the orc priest's attack.
You barely miss the orc priest.
The orc priest is moderately wounded.
The orc priest mumbles some strange prayers to Beogh against you.
Beogh smites you!
You die...

#.##### #.(...#
#.###.#
#.#<#.####
#.#.#..).#
#.#.####.#
#.#.# #.#
#)#.####.#
#@#......#
###o########
#.pop..o....
..o........>###
####.#.....pp..
#o#.#######.
#.#.# # #.# #.#


You could see 2 slaves, an orc priest and 2 orcs.

Vanquished Creatures
  The ghost of Wuag the Sneak, an amateur VSAs (D:4)
  2 killer bees (D:4)
  2 howler monkeys
  5 orc wizards
  An iguana (D:4)
  A worker ant (D:4)
  A hound skeleton (D:5)
  2 adders (D:2)
  An ooze (D:3)
  An adder skeleton (D:4)
  A worm (D:2)
  A dart slug (D:3)
  3 giant geckos
  11 orcs
  A ball python (D:3)
  A giant cockroach (D:4)
  7 goblins
  3 hobgoblins
  6 jackals
  3 bats
  2 giant newts (D:2)
  6 kobolds
  2 rats
64 creatures vanquished.

Notes
Turn   | Place    | Note
-------+----------+-------------------------------------------
     0 | D:1      | Implojin the Minotaur Fighter began the quest for the Orb.
     0 | D:1      | Reached XP level 1. HP: 19/19 MP: 0/0
    72 | D:2      | Reached skill level 3 in Maces & Flails
    72 | D:2      | Reached XP level 2. HP: 24/26 MP: 1/1
   177 | D:2      | Reached skill level 4 in Maces & Flails
   177 | D:2      | Reached XP level 3. HP: 29/31 MP: 2/2
   301 | D:3      | Reached skill level 5 in Maces & Flails
   333 | D:3      | Found a sacrificial altar of Ru.
   347 | D:3      | Reached XP level 4. HP: 12/39 MP: 3/3
   402 | D:3      | Reached skill level 6 in Maces & Flails
   404 | D:3      | Reached XP level 5. HP: 20/45 MP: 4/4
   543 | D:4      | Reached skill level 7 in Maces & Flails
   548 | D:4      | Found a hazy altar of Hepliaklqana.
   573 | D:4      | Noticed Wuag's ghost (amateur VSAs)
   594 | D:4      | Killed Wuag's ghost
   594 | D:4      | Reached XP level 6. HP: 14/51 MP: 5/5
   653 | D:4      | Reached skill level 8 in Maces & Flails
   672 | D:4      | Reached skill level 4 in Fighting
   699 | D:4      | Found Cieblos's Antique Armour Shoppe.
   720 | D:4      | Gained mutation: You have a beak for a mouth. [potion of mutation]
   720 | D:4      | Gained mutation: You are frail. (-10% HP) [potion of mutation]
   720 | D:4      | Gained mutation: Your muscles are strong. (Str +2) [potion of mutation]
   728 | D:4      | Reached skill level 5 in Fighting
   760 | D:4      | HP: 2/50 [poisoned by a killer bee]
   768 | D:4      | HP: 2/50 [poisoned by a killer bee]
   793 | D:5      | Entered Level 5 of the Dungeon
   813 | D:5      | Reached XP level 7. HP: 6/54 MP: 6/6
   920 | D:6      | Killed from afar by an orc priest

Vault maps used:
D:1:      dpeg_arrival_pond, serial_bayou_lagoon_a
D:3:      lemuel_doored_altar, grunt_gozag_statues,
          nicolae_ru_great_annihilating_truth
D:4:      lemuel_crystal_altar, serial_shops, shop_fountains, first_bread
D:5:      vehumet_altar_wand_db, nicolae_overflow_hidden_temple,
          nicolae_qazlal_eye_of_the_storm
D:6:      gammafunk_pakellas_cloud_experiment, fedhas_altar_decomposition,
          uniq_pikel, uniq_blork_the_orc

Skill      XL: |  1  2  3  4  5  6 |
---------------+-------------------+-----
Maces & Flails | 3 4 5 6 7 8 |  8.1
Fighting       | 5 |  5.9
Armour         | |  3.6
Shields        | |  3.6

Action                   |  1- 3 |  4- 6 |  7- 9 || total
-------------------------+-------+-------+-------++-------
Melee: Flail             |    77 |    99 |     7 ||   183
       Headbutt          |    17 |    22 |     1 ||    40
       Peck              |       |     4 |     2 ||     6
  Use: Potion            |       |     3 |       ||     3
       Scroll            |       |     8 |     1 ||     9
Armor: Scale mail        |    89 |    28 |       ||   117
Dodge: Dodged            |    48 |    21 |     1 ||    70
Block: Shield            |    95 |    55 |     3 ||   153

Table legend:
 A = Turns spent in this place as a percentage of turns spent in the entire game.
 B = Non-inter-level travel turns spent in this place as a percentage of non-inter-level travel turns spent in the entire game.
 C = Inter-level travel turns spent in this place as a percentage of turns spent in this place.
 D = Turns resting spent in this place as a percentage of non-inter-level travel turns spent in this place.
 E = Turns spent auto-exploring this place as a percentage of non-inter-level travel turns spent in this place.
 F = Non-inter-level travel turns spent in this place divided by the number of levels of this place that you've seen.
                   A       B       C       D       E      F
               +-------+-------+-------+-------+-------+----------------------
         Total | 100.0 | 100.0 |   0.0 |   0.0 |   0.0 | 165.3
       Dungeon | 100.0 | 100.0 |   0.0 |   0.0 |   0.0 | 165.3
               +-------+-------+-------+-------+-------+----------------------

Table legend:
 A = Kills in this place as a percentage of kills in entire the game.
 B = Kills by you in this place as a percentage of kills by you in the entire game.
 C = Kills by friends in this place as a percentage of kills by friends in the entire game.
 D = Other kills in this place as a percentage of other kills in the entire game.
 E = Experience gained in this place as a percentage of experience gained in the entire game.
 F = Experience gained in this place divided by the number of levels of this place that you have seen.
                   A       B       C       D       E      F
               +-------+-------+-------+-------+-------+----------------------
         Total | 100.0 | 100.0 |  -nan |  -nan | 100.0 | 133.5
       Dungeon | 100.0 | 100.0 |  -nan |  -nan | 100.0 | 133.5
               +-------+-------+-------+-------+-------+----------------------
